 Dungeon Crawl Stone Soup version 0.31-a0-986-g5e6e4ef867 (webtiles) character file.

Game seed: 5995870642413211505

3481 LeprechaunX the Mimic (level 10, -1/69 HPs)
             Began as an Octopode Shapeshifter on Nov 21, 2023.
             Was a Follower of Uskayaw.
             Slain by a warg (10 damage)
             ... on level 7 of the Dungeon.
             The game lasted 00:11:00 (7319 turns).

LeprechaunX the Mimic (Octopode Shapeshifter)       Turns: 7319, Time: 00:11:01

Health: -1/69      AC:  5    Str: 16    XL:     10   Next: 7%
Magic:  13/13      EV: 13    Int: 12    God:    Uskayaw [*.....]
Gold:   375        SH:  0    Dex: 14    Spells: 9/9 levels left

rFire   . .          .
                       - Unarmed
rCold   . . .        (no shield)
rNeg    . . .        (helmet currently unavailable)
rPois   .            (no amulet)
rElec   .            k - +4 ring of protection
rCorr   .            (no ring)
SInv    .            (no ring)
Will    .....        (no ring)
Stlth   ++           (no ring)
HPRegen 0.31/turn    (no ring)
MPRegen 0.13/turn    (no ring)
                     (no ring)

%: no passive effects
@: beast-form
A: beast (slay +4), almost no armour, amphibious, 8 rings, camouflage 1,
gelatinous body 1, (nimble swimmer 1), tentacles
a: Begin Untransformation, Renounce Religion, Stomp


You were on level 7 of the Dungeon.
You worshipped Uskayaw.
Uskayaw was noncommittal.
You were a hulking beast.
You visited 1 branch of the dungeon, and saw 8 of its levels.
You also visited: Ossuary.

You collected 413 gold pieces.
You spent 38 gold pieces at shops.

Inventory:

Hand Weapons
 a - a +0 hand cannon
Missiles
 q - 9 boomerangs (quivered)
 B - 3 throwing nets
 C - 2 javelins
Jewellery
 k - a +4 ring of protection (left tentacle)
 G - an amulet of magic regeneration
Talismans
 b - a beast talisman
 c - a flux talisman
 l - a blade talisman
Wands
 u - a wand of mindburst (20)
 H - a wand of flame (12)
Scrolls
 e - 4 scrolls of blinking {unknown}
 f - a scroll of acquirement {unknown}
 g - 4 scrolls of revelation {unknown}
 i - 7 scrolls of identify {unknown}
 m - 5 scrolls of teleportation {unknown}
 n - 2 scrolls of enchant weapon {unknown}
 o - a scroll of noise {unknown}
 p - a scroll of amnesia {unknown}
 t - 2 scrolls of silence {unknown}
 v - 2 scrolls of poison {unknown}
 y - 2 scrolls of vulnerability {unknown}
 E - a scroll of fear {unknown}
 F - a scroll of immolation {unknown}
Potions
 d - 2 potions of berserk rage {unknown}
 h - a potion of haste {unknown}
 j - 5 potions of invisibility {unknown}
 r - a potion of ambrosia {unknown}
 s - 2 potions of might {unknown}
 w - 4 potions of curing {unknown}
 x - a potion of enlightenment {unknown}
 z - a potion of brilliance {unknown}
 A - 3 potions of lignification
 D - a potion of heal wounds {unknown}


   Skills:
 + Level 6.4 Fighting
 - Level 3.0 Throwing
 - Level 2.0 Dodging
 - Level 6.0 Unarmed Combat
 + Level 4.6 Invocations
 + Level 4.2 Evocations
 * Level 8.9 Shapeshifting


You had 9 spell levels left.
You didn't know any spells.
Your spell library contained the following spells:

 Spells                   Type           Power      Damage    Failure   Level
 Magic Dart               Conj           0%         1d3       32%         1
 Searing Ray              Conj           0%         2d4       45%         2
 Static Discharge         Conj/Air       0%         3-3/arc   45%         2
 Gell's Gravitas          Tloc           0%         N/A       69%         3
 Teleport Other           Tloc           0%         N/A       69%         3
 Airstrike                Air            0%         2d(0-16)  97%         4
 Fulminant Prism          Conj/Hex       0%         3d5       97%         4
 Summon Lightning Spire   Summ/Air       0%         N/A       97%         4
 Dispersal                Tloc           0%         N/A       100%        6


Dungeon Overview and Level Annotations

Branches:
Dungeon (8/15)             Temple (0/1) D:6            Lair (0/5) D:8
Ossuary (visited)

Altars:
Ashenzari
Makhleb
Okawaru
Ru
Uskayaw

Shops:
D:3 =   D:5 (

Annotations:
D:4 1 runed translucent door, Crazy Yiuf


Innate Abilities, Weirdness & Mutations

You are a hulking beast.
Your limbs bulge with bestial killing power. (Slay +4)
You cannot wear most types of armour.
You are amphibious.
You can wear up to eight rings at the same time.
Your skin changes colour to match your surroundings (Stealth+).
Your rubbery body absorbs attacks. (AC +1, EV +1)
((You are camouflaged when in or above water. (Stealth+)))
You have tentacles for arms and can constrict up to eight enemies at once.


Message History

A warg comes into view.
A two-headed ogre comes into view.
It is wielding a +0 giant club and a +0 giant spiked club.
Your line of fire to the orc is blocked by a plant.
Unknown command.
Your line of fire to the orc is blocked by a plant.
You can no longer pass through a line of other dancers.
You shoot a bolt. The bolt closely misses the warg.
The bolt hits the orc!!
You kill the orc!
The warg bites you but does no damage.
Items here: ††††††.
The warg attacks as it pursues you! The warg closely misses you.
You shoot a bolt. The bolt hits the warg.
The warg is lightly wounded.
The warg bites you. The warg closely misses you. The warg bites you!
The warg attacks as it pursues you! The warg closely misses you.
The warg bites you!
There is a stone staircase leading up here.
The warg bites you.
* * * LOW HITPOINT WARNING * * *
You climb upwards.
There is a stone staircase leading down here.
Unknown command.
You are now empty-tentacled.
The warg bites you but does no damage.
You tentacle-slap the warg but do no damage.
You tentacle-slap the warg. Your squeeze misses the warg.
The warg is moderately wounded.
The warg closely misses you.
You closely miss the warg.
The warg is moderately wounded.
The warg bites you!
* * * LOW HITPOINT WARNING * * *
You tentacle-slap the warg.
The warg is moderately wounded.
The warg bites you but does no damage.
You barely miss the warg.
The warg is moderately wounded.
The warg bites you.
* * * LOW HITPOINT WARNING * * *
The warg bites you!
You die...

#.# ##..#..
#.######
###..#
##......##
###.
##........#
##
#.........#
#
#........##
#.......##
#...h..##
#..h>.##
####
##...##
##..###
##.##
#.....##
###
##......
#......
#..).).
##..)).
##....
##### ##...


You could see a warg.

Vanquished Creatures
  Maggie (D:7)
  A troll (D:7)
  Sigmund (D:2)
  A warg (D:8)
  An ice beast (D:6)
  An ogre (D:4)
  A centaur (D:6)
  2 phantoms (D:5)
  A kobold brigand (D:6)
  An elf zombie (Ossuary)
  4 bullfrogs
  2 scorpions
  12 killer bees
  A howler monkey (D:6)
  3 hounds
  6 jellies
  3 orc priests
  2 centaur zombies (Ossuary)
  2 iguanas
  A sleepcap (D:5)
  2 gnoll boudas (D:7)
  8 orc wizards
  3 ogre zombies (Ossuary)
  7 mummies (Ossuary)
  6 adders
  12 gnolls
  A shadow imp (D:5)
  3 adder zombies (Ossuary)
  2 worms
  19 orcs
  5 ball pythons
  8 endoplasms
  3 giant cockroaches
  11 goblins
  10 hobgoblins
  6 jackals (D:1)
  5 quokkas
  3 training dummies (D:5)
  3 bats
  3 frilled lizards
  6 goblin zombies (Ossuary)
  3 hobgoblin zombies (Ossuary)
  8 kobolds
  4 kobold zombies (Ossuary)
  An orc zombie (Ossuary)
  3 quokka zombies (Ossuary)
  12 rats
  4 rat zombies (Ossuary)
208 creatures vanquished.

Notes
Turn   | Place    | Note
-------+----------+-------------------------------------------
     0 | D:1      | LeprechaunX the Octopode Shapeshifter began the quest for
                  | the Orb.
     0 | D:1      | Reached XP level 1. HP: 13/13 MP: 1/1
   121 | D:1      | Reached XP level 2. HP: 18/18 MP: 2/2
   367 | D:1      | Reached XP level 3. HP: 9/23 MP: 3/3
   934 | D:2      | Noticed Sigmund
   947 | D:2      | Killed Sigmund
   948 | D:2      | Reached skill level 4 in Shapeshifting
   948 | D:2      | Reached XP level 4. HP: 10/30 MP: 4/4
   948 | D:2      | Reached XP level 5. HP: 12/35 MP: 5/5
  1245 | D:2      | Reached XP level 6. HP: 41/41 MP: 6/6
  1335 | D:2      | Found a broken altar of Ashenzari.
  1441 | D:2      | Found a faded altar of an unknown god.
  1688 | D:3      | Reached skill level 5 in Shapeshifting
  1871 | D:3      | Found Xiam's Jewellery Boutique.
  2194 | D:3      | Found a sacrificial altar of Ru.
  2391 | D:3      | Became a worshipper of Ru the Awakened
  2637 | D:4      | Reached XP level 7. HP: 15/44 MP: 7/7
  2879 | D:4      | Found a hide-covered altar of Uskayaw.
  3451 | D:4      | Found a runed translucent door.
  3452 | D:4      | Noticed Crazy Yiuf
  3517 | D:4      | Fell from the grace of Ru
  3517 | D:4      | Became a worshipper of Uskayaw the Reveller
  3597 | D:5      | Entered Level 5 of the Dungeon
  3659 | D:5      | Reached * piety under Uskayaw
  3662 | D:5      | Reached ** piety under Uskayaw
  3663 | D:5      | Reached skill level 5 in Unarmed Combat
  3663 | D:5      | Reached skill level 6 in Shapeshifting
  3831 | D:5      | Found a sand-covered staircase.
  3862 | Ossuary  | Entered an ossuary
  4131 | Ossuary  | Reached XP level 8. HP: 53/54 MP: 8/8
  4320 | Ossuary  | Reached *** piety under Uskayaw
  4323 | Ossuary  | Reached **** piety under Uskayaw
  4499 | D:5      | Reached skill level 1 in Throwing
  4499 | D:5      | Reached skill level 1 in Invocations
  4648 | D:5      | Found Bisea's Firing Range.
  4653 | D:5      | Bought a +0 hand cannon for 38 gold pieces
  4802 | D:5      | Reached skill level 7 in Shapeshifting
  5024 | D:6      | Found a staircase to the Ecumenical Temple.
  5094 | D:6      | Reached skill level 5 in Fighting
  5150 | D:6      | Reached skill level 1 in Evocations
  5396 | D:6      | Found an iron altar of Okawaru.
  5403 | D:6      | Reached XP level 9. HP: 55/61 MP: 10/10
  5406 | D:6      | Found a burning altar of Makhleb.
  5414 | D:6      | Reached ***** piety under Uskayaw
  6308 | D:7      | Noticed Maggie
  6333 | D:7      | Killed Maggie
  6334 | D:7      | Reached skill level 8 in Shapeshifting
  6922 | D:7      | Noticed a troll
  6934 | D:7      | Killed a troll
  7253 | D:8      | Reached XP level 10. HP: 54/68 MP: 13/13
  7289 | D:8      | Found a staircase to the Lair.
  7291 | D:8      | Noticed a two-headed ogre
  7319 | D:7      | Slain by a warg

Illustrated notes

Levels and vault maps discovered:
D:1:      dpeg_arrival_ratfight, layout_basic, grunt_decor_cap,
          nicolae_figureground_pulse
D:2:      layout_rooms, dilly_ecumenical_altar_fadedgnrine, basic_altar,
          uniq_sigmund
D:3:      layout_loops_ring, lemuel_coloured_pillars_altar, serial_shops,
          nicolae_shop_real_fake_doors
D:4:      layout_loops_ring, mainiacjoe_overflow_cross_hatched,
          uniq_crazy_yiuf_cottage
D:5:      layout_basic, enter_ossuary_2, nicolae_shop_firing_range
D:6:      layout_loops_ring, chequers_temple_overflow_statue_of_worship,
          minmay_temple_entry_wispy, kennysheep_generic_room_6
D:7:      layout_cave_pods, nicolae_concentric_dashed_squares_wild,
          nicolae_zig_zag_zippers, uniq_maggie
D:8:      layout_rooms, lemuel_tele_altar, fedhas_altar_4,
          erik_lair_orcish_takeover

Skill      XL: |  1  2  3  4  5  6  7  8  9 |
---------------+----------------------------+-----
Fighting       | 2 3 4 5 6 |  6.4
Unarmed Combat | 4 5 6 |  6.0
Shapeshifting  | 4 5 6 7 8 |  8.9
Throwing       | 2 3 |  3.0
Invocations    | 2 4 |  4.6
Evocations     | 1 4 |  4.2
Dodging        | |  2.0

Action                     |  1- 3 |  4- 6 |  7- 9 | 10-12 || total
---------------------------+-------+-------+-------+-------++-------
  Melee: Unarmed           |    77 |    89 |   283 |    18 ||   467
         Constrict         |    18 |    27 |    60 |     2 ||   107
         Tentacles         |    11 |    22 |    62 |     4 ||    99
         Punch             |     2 |     2 |    12 |     1 ||    17
   Fire: Hand cannon       |       |       |    18 |     3 ||    21
  Throw: Boomerang         |       |       |     5 |     1 ||     6
    Use: Potion            |     1 |       |     1 |       ||     2
   Stab: Sleeping          |     4 |     7 |    11 |       ||    22
         Distracted        |     1 |     1 |       |       ||     2
         Paralysed         |       |       |    14 |     2 ||    16
 Armour: Skin              |    31 |    38 |   146 |    17 ||   232
  Dodge: Dodged            |    47 |    32 |   140 |     8 ||   227

Table legend: (Time is in decaauts)
 A = Elapsed time spent in this place.
 B = Non-inter-level travel time spent in this place.
 C = Inter-level travel time spent in this place.
 D = Time resting spent in this place.
 E = Time spent auto-exploring this place.
 F = Levels seen in this place.
 G = Mean time per level.
                   A        B        C        D        E       F      G
               +--------+--------+--------+--------+--------+-----+--------+
         Total |   7283 |   6851 |    432 |    553 |   5014 |   9 |  809.2 |
       Dungeon |   6694 |   6262 |    432 |    529 |   4619 |   8 |  836.8 |
       Ossuary |    589 |    589 |      0 |     24 |    395 |   1 |  589.0 |
               +--------+--------+--------+--------+--------+-----+--------+

Top non-repeatable levels by time:
     D:7: 1534 daAuts
     D:4: 1040 daAuts
     D:3: 1000 daAuts
     D:1: 896 daAuts
     D:6: 763 daAuts
     D:2: 681 daAuts
     D:5: 678 daAuts
 Ossuary: 589 daAuts
     D:8: 99 daAuts
